AoeStats
← Morrión

Fortress

508684603Analyzed
2v2 RM · 10d ago on Sep 23, 2026· 45m 21s· 4 players
Game mode
Random Map
Map size
Normal (6 player)
Population
200
Speed
Normal
Resources
Standard
Victory
Conquest
Starting age
Dark Age
Ending age
Imperial Age
RankedLock teamsTeams togetherTeam positionsShared explorationLock speedFull tech treeHidden civsTurbo modeCheats
Victory
Defeat
🇮🇪 Bohemians · Ireland
1407
+15
🇪🇸 Mongols · Spain
1316
+19
🇪🇸 Varangians · Spain
1387
-17
🇪🇸 Danes · Spain
1387
-17
Morrión
8:23 Feudal Age
9:35 Double-Bit Axe
10:03 Horse Collar
12:41 Castle Age
11:41 Scale Mail Armor
11:53 Forging
11:34 Arson
13:43 Bow Saw
14:38 Loom
14:59 Squires
20:57 Wheelbarrow
20:26 Gambesons
21:19 Chain Mail Armor
20:58 Town Watch
22:41 Iron Casting
23:23 Heavy Plow
30:18 Imperial Age
29:24 Hand Cart
29:56 Town Patrol
31:35 Plate Mail Armor
32:05 Blast Furnace
31:29 Conscription
31:35 Elite Jomsviking
37:10 Chemistry
36:30 Ballistics
36:21 Masonry
36:06 Fletching
38:46 Hamask
41:08 Padded Archer Armor
41:03 Bodkin Arrow
juanca12
7:53 Feudal Age
12:02 Castle Age
9:50 Double-Bit Axe
9:48 Horse Collar
14:35 Scale Barding Armor
14:40 Forging
16:42 Wheelbarrow
18:02 Bloodlines
17:52 Husbandry
18:49 Iron Casting
18:55 Heavy Plow
19:14 Loom
20:59 Bow Saw
22:45 Hand Cart
23:18 Chain Barding Armor
25:32 Vendel Legacy
44:12 Imperial Age
IWUDJA
7:12 Feudal Age
11:05 Castle Age
9:23 Double-Bit Axe
10:55 Horse Collar
12:41 Bow Saw
13:46 Wheelbarrow
13:52 Fervor
17:23 Heavy Plow
18:39 Loom
23:19 Hand Cart
26:13 Imperial Age
24:09 Scale Mail Armor
24:20 Forging
24:14 Pikeman
24:54 Squires
25:11 Chain Mail Armor
26:33 Chemistry
27:36 Conscription
27:23 Wagenburg Tactics
27:52 Plate Mail Armor
27:58 Iron Casting
27:58 Halberdier
29:24 Arson
29:44 Padded Archer Armor
29:53 Houfnice
31:58 Siege Engineers
34:01 Blast Furnace
33:17 Leather Archer Armor
32:52 Fletching
33:25 Ballistics
33:15 Masonry
34:52 Murder Holes
37:28 Ring Archer Armor
38:29 Hussite Reforms
38:39 Town Watch
38:51 Bodkin Arrow
40:43 Bracer
41:14 Architecture
41:29 Caravan
MaverickGG1403
7:41 Feudal Age
11:38 Castle Age
10:45 Double-Bit Axe
10:41 Horse Collar
10:51 Gold Mining
12:35 Bow Saw
18:20 Wheelbarrow
18:12 Loom
23:17 Imperial Age
20:58 Scale Barding Armor
21:54 Fletching
22:27 Ballistics
22:34 Bodkin Arrow
23:24 Gold Shaft Mining
22:40 Stone Mining
23:43 Thumb Ring
24:39 Conscription
26:44 Chemistry
26:32 Bracer
34:39 Bloodlines
34:29 Husbandry
34:54 Drill
34:03 Capped Ram
35:53 Chain Barding Armor
35:34 Padded Archer Armor
36:22 Siege Ram
44:56 Elite Mangudai
Connection lost

Rejoining the realm…

Still unreachable

The connection could not be restored.

Session expired

The server has moved on; the page needs a fresh start.